 Dungeon Sprint DCSS version 0.28.0-43-g3370ac3207 (webtiles) character file.

Game seed: 255791038647571915

468 boopmooplesden the Fighter (level 6, -15/102 HPs)
             Began as a Minotaur Berserker on Mar 17, 2022.
             Was a Believer of Trog.
             Demolished by a sun demon (21 damage)
             ... summoned by a kobold demonologist
             ... in the Dungeon (Sprint I: "Red Sonja").
             The game lasted 00:00:37 (603 turns).

boopmooplesden the Fighter (Minotaur Berserker)      Turns: 603, Time: 00:00:37

Health: -15/102    AC: 10    Str: 21    XL:     6   Next: 81%
Magic:  5/5        EV: 10    Int:  4    God:    Trog [**....]
Gold:   270        SH:  0    Dex: 12    Spells: 5/5 levels left

rFire   . . .      SeeInvis .   j - +4 club (spect)
rCold   . . .      Faith    .   (no shield)
rNeg    . . .      Spirit   .   k - +0 chain mail
rPois   .          Reflect  .   (helmet restricted)
rElec   .          Harm     .   (no cloak)
rCorr   .          Rampage  .   (no gloves)
Will    .....      NoTele   +   (no boots)
Stlth   ..........              (no amulet)
HPRegen 0.27/turn               (no ring)
MPRegen 0.09/turn               (no ring)

@: berserking (expiring), very quick
A: horns 2, retaliatory headbutt
a: Renounce Religion, Berserk, Trog's Hand


You were in the Dungeon.
You worshipped Trog.
Trog was pleased with you.
You visited 1 branch You collected 270 gold pieces.

Inventory:

Hand Weapons
 a - a +0 falchion
 j - a +4 spectral club (weapon)
Armour
 b - a +0 animal skin
 k - a +0 chain mail (worn)
Wands
 i - a wand of iceblast (8)
Scrolls
 h - a scroll of blinking
Potions
 c - a potion of curing
 d - a potion of heal wounds
 e - a potion of haste
 f - 2 potions of magic
 g - a potion of berserk rage


   Skills:
 + Level 11.5 Fighting
 + Level 11.1 Long Blades
 + Level 1.1 Maces & Flails
 + Level 6.9 Armour
 + Level 5.5 Dodging
 + Level 0.6 Stealth


You had 5 spell levels left.
You didn't know any spells.
Your spell library was empty.

Dungeon Overview and Level Annotations

Branches:
Dungeon (1/1)

Altars:
Makhleb
Xom
Jiyva
Lugonu


Innate Abilities, Weirdness & Mutations

You have a pair of horns on your head.
You reflexively headbutt those who attack you in melee.


Message History

You start resting.
You start resting.
You start resting.
HP restored.
You open the door.
A kobold demonologist comes into view. It is wielding a +0 dagger.
The kobold demonologist shouts!
The kobold demonologist gestures wildly while chanting.
A floating eye comes into view.
The floating eye turns its gaze towards you.
You hear a shout!
A red film seems to cover your vision as you go berserk!
You feel yourself moving faster!
You feel mighty!
The kobold demonologist begins to cast a cantrip, but forgets the words!
A kobold demonologist comes into view. It is wielding a +0 dagger.
You feel a strong urge to attack something.
The sun demon shouts!
The kobold demonologist shouts!
The floating eye seems to glare at you.
The kobold demonologist gestures wildly while chanting.
There is an open door here.
The sun demon hits you!!
You are engulfed in flames!
You closely miss the sun demon. The sun demon hits you!
You are engulfed in flames!
The kobold demonologist closely misses you.
The ynoxinul gestures.
The floating eye gazes piercingly through you!
You suddenly lose the ability to move!
The sun demon hits you.
You are engulfed in flames!
* * * LOW HITPOINT WARNING * * *
The kobold demonologist hits you but does no damage.
The sun demon hits you.
* * * LOW HITPOINT WARNING * * *
You are engulfed in flames!
* * * LOW HITPOINT WARNING * * *
You can move again.
You barely miss the floating eye.
Your +4 spectral club hits the floating eye!
The kobold demonologist hits you but does no damage.
The sun demon hits you!!
You die...

####################
').#..'..#__#..(@KK#
#..').#..'..'..#G33#
##'#####+#__####55.+
#..# #### ##### ####


You could see a sun demon (summoned), 2 kobold demonologists, a ynoxinul
(summoned), a floating eye, 2 ufetubi and a friendly +4 spectral club
(summoned).

Vanquished Creatures
  A slime creature (D)
  Sigmund (D)
  An ogre (D)
  Ijyb (D)
4 creatures vanquished.

Notes
Turn   | Place    | Note
-------+----------+-------------------------------------------
     0 | D        | boopmooplesden the Minotaur Berserker began the quest for
                  | the Orb.
     0 | D        | Reached XP level 1. HP: 19/19 MP: 0/0
     1 | D        | Noticed Ijyb
     5 | D        | Killed Ijyb
     6 | D        | Reached skill level 5 in Fighting
     6 | D        | Reached skill level 5 in Long Blades
     6 | D        | Reached XP level 2. HP: 29/29 MP: 1/1
    54 | D        | Noticed an ogre
    57 | D        | Killed an ogre
    58 | D        | Reached XP level 3. HP: 13/40 MP: 2/2
    58 | D        | Reached XP level 4. HP: 16/48 MP: 3/3
   257 | D        | Noticed Sigmund
   266 | D        | Killed Sigmund
   266 | D        | Reached ** piety under Trog
   267 | D        | Reached skill level 10 in Fighting
   267 | D        | Reached skill level 5 in Armour
   267 | D        | Reached XP level 5. HP: 58/58 MP: 4/4
   267 | D        | Reached XP level 6. HP: 66/66 MP: 5/5
   350 | D        | Found a burning altar of Makhleb.
   350 | D        | Found a viscous altar of Jiyva.
   350 | D        | Found a shimmering altar of Xom.
   350 | D        | Found a corrupted altar of Lugonu.
   350 | D        | Noticed a slime creature
   358 | D        | Killed a slime creature
   359 | D        | Reached skill level 1 in Maces & Flails
   359 | D        | Reached skill level 5 in Dodging
   597 | D        | Noticed a kobold demonologist
   597 | D        | Noticed a floating eye
   599 | D        | Noticed a sun demon
   599 | D        | Noticed a kobold demonologist
   600 | D        | Noticed a ynoxinul
   601 | D        | Paralysed by a floating eye for 2 turns
   603 | D        | Demolished by a sun demon

Illustrated notes

Levels and vault maps discovered:
D:        dungeon_sprint_1 [red_sonja_temple_1, red_sonja_temple_small_1]

Skill      XL: |  1  2  3  4  5  6 |
---------------+-------------------+-----
Fighting       | 5 7 10 11 | 11.5
Long Blades    | 5 7 9 11 | 11.1
Armour         | 3 4 5 6 |  6.9
Dodging        | 3 4 5 |  5.5
Maces & Flails | 1 |  1.1
Stealth        | |  0.6

Action                   |  1- 3 |  4- 6 || total
-------------------------+-------+-------++-------
Melee: Headbutt          |     3 |     2 ||     5
       Falchion          |     2 |       ||     2
       Club              |     3 |    15 ||    18
Invok: Berserk           |     1 |     3 ||     4
 Stab: Distracted        |       |     1 ||     1
Armor: Chain mail        |       |     4 ||     4
Dodge: Dodged            |     4 |     2 ||     6
